 Dungeon Crawl Stone Soup version 0.32-a0-913-g739538afd8 (webtiles) character file.

Game seed: 5787311768867414899

9285 gohu the Severer (level 11, -20/92 HPs)
             Began as a Mountain Dwarf Fighter on Apr 7, 2024.
             Was a Believer of Qazlal.
             Demolished by an ogre
             ... wielding a +0 giant spiked club
             ... led by Lodul
              (34 damage)
             ... on level 10 of the Dungeon.
             The game lasted 00:21:58 (10734 turns).

gohu the Severer (Mountain Dwarf Fighter)          Turns: 10734, Time: 00:21:59

Health: -20/92     AC: 12    Str: 24    XL:     11   Next: 21%
Magic:  11/11      EV:  8    Int:  8    God:    Qazlal [**....]
Gold:   762        SH:  8    Dex:  9    Spells: 10/10 levels left

rFire   . . .        J - +4 war axe
rCold   . . .        R - +1 buckler {reflect}
rNeg    . . .        b - +0 scale mail
rPois   +            (no helmet)
rElec   .            q - +2 cloak
rCorr   .            (no gloves)
SInv    .            (no boots)
Will    +....        (no amulet)
Stlth   x              - +4 ring of slaying
HPRegen 0.35/turn    F - ring of poison resistance
MPRegen 0.12/turn

%: reflection
@: slowed, studying Staves, very slow
A: runic magic, artefact enchanting
a: Renounce Religion, Upheaval


You were on level 10 of the Dungeon.
You worshipped Qazlal.
Qazlal was pleased with you.
You visited 2 branches of the dungeon, and saw 11 of its levels.
You also visited: Sewer.

You collected 762 gold pieces.

Inventory:

Hand Weapons
 a - a +0 war axe
 l - the +5 hand axe of the Jester {freeze, rN++}
   (You found it on level 2 of the Dungeon)

   rN++:      It greatly protects you from negative energy.
 E - a +0 morningstar
 J - a +4 war axe (weapon)
 N - a +0 whip
 P - a +4 scimitar of flaming
Missiles
 z - 8 javelins (quivered)
 B - 3 throwing nets
Armour
 b - a +0 scale mail (worn)
 c - a +0 buckler
 p - a +0 cloak
 q - a +2 cloak (worn)
 r - a +0 kite shield
 D - a +0 plate armour
 R - a +1 buckler of reflection (worn)
Jewellery
 d - a ring of protection from cold
 g - a ring of flight
 k - an amulet of magic regeneration
 s - a ring of see invisible
 x - a +4 ring of slaying (left hand)
 F - a ring of poison resistance (right hand)
 I - a ring of magical power
Wands
 m - a wand of digging (14)
 t - a wand of iceblast (24)
 H - a wand of polymorph (15)
 K - a wand of mindburst (5)
 Q - a wand of charming (11)
 W - a wand of flame (16)
Scrolls
 f - 2 scrolls of brand weapon
 n - 2 scrolls of torment
 o - 2 scrolls of teleportation
 u - 2 scrolls of noise
 w - a scroll of vulnerability
 y - 2 scrolls of revelation {unknown}
 A - 2 scrolls of silence {unknown}
 C - 2 scrolls of amnesia
 G - a scroll of fear {unknown}
 M - a scroll of enchant armour
 O - a scroll of immolation {unknown}
 U - a scroll of blinking
Potions
 e - 3 potions of brilliance
 h - 3 potions of cancellation
 i - 4 potions of invisibility
 j - 2 potions of haste
 v - 2 potions of mutation
 L - a potion of enlightenment
 S - a potion of heal wounds
 T - 2 potions of resistance {unknown}
 V - a potion of ambrosia {unknown}


   Skills:
 + Level 7.2 Fighting
 * Level 15.8 Axes
 - Level 1.0 Throwing
 + Level 9.7 Armour
 + Level 5.7 Shields
 + Level 2.5 Evocations


You had 10 spell levels left.
You didn't know any spells.
Your spell library contained the following spells:

 Spells                   Type           Power      Damage    Failure   Level
 Sandblast                Erth           0%         2d4       52%         1
 Summon Small Mammal      Summ           0%         N/A       52%         1
 Inner Flame              Hex/Fire       0%         N/A       88%         3
 Animate Armour           Summ/Erth      0%         N/A       99%         4
 Flame Wave               Conj/Fire      0%         2d4       99%         4
 Sticky Flame             Fire/Alch      0%         2d4       99%         4
 Summon Cactus Giant      Summ           0%         N/A       100%        6
 Summon Horrible Things   Summ           0%         N/A       100%        8


Dungeon Overview and Level Annotations

Branches:
Dungeon (10/15)            Temple (1/1) D:7           Sewer (visited)
   Lair: D:8-11         Orc: D:9-12

Altars:
Ashenzari
Cheibriados
Dithmenos
Elyvilon
Fedhas
Gozag
Hepliaklqana
Kikubaaqudgha
Makhleb
Nemelex Xobeh
Okawaru
Qazlal
Ru
Sif Muna
Trog
Uskayaw
Vehumet
Wu Jian
Xom
Yredelemnul
Zin
The Shining One

Shops:
D:4 :

Annotations:
D:3 1 runed translucent door, Crazy Yiuf
D:7 Menkaure
D:10 Lodul


Innate Abilities, Weirdness & Mutations

Your spellcasting is much less encumbered by armour.
You can use scrolls of enchantment on lesser artefacts.


Message History

You closely miss the wraith.
The wraith is moderately damaged.
You hit the ogre. The wraith hits you. The wraith drains your vigour!
You feel yourself slow down.
An ogre comes into view. It is wielding a +0 giant spiked club.
The ogre hits you with a +0 giant club!
You barely miss the ogre.
The ogre is heavily wounded.
You hit the wraith but do no damage. You block the wraith's attack.
You slash the ogre!
The ogre is severely wounded.
You closely miss the wraith.
An ogre comes into view. It is wielding a +0 giant club.
The ogre hits you with a +0 giant club!
The wraith hits you but does no damage. x2
The ogre shouts!
You slash the ogre!
You kill the ogre!
Qazlal accepts your kill.
You hit the wraith.
An ogre comes into view. It is wielding a +0 giant spiked club.
The wraith hits you but does no damage.
You hit the wraith.
The wraith is severely damaged.
You barely miss the ogre.
A hornet comes into view.
The ogre closely misses you. The wraith hits you.
The hornet buzzes angrily.
You slash the wraith!
You destroy the wraith!
Qazlal accepts your kill.
You slash the ogre! The ogre attacks as it pursues you!
You block the ogre's attack.
Lodul stamps his feet.
Electricity crackles from Lodul's apparatus.
The bolt of lightning hits you!! You block the ogre's attack.
Electricity crackles from Lodul's apparatus.
The bolt of lightning hits you!!
* * * LOW HITPOINT WARNING * * *
The ogre hits you with a +0 giant spiked club!!
You die...

....#.$. ......
........#######......
.........#.#.....(..
..................
#..##........$.#
#..#....###y...#..
####........$OOO.....
#........##OO.#...O.
........###@### ...
####....#...# O
##..##...# #...#..##
###..#.# . #......#..
.. #)..#...... ...#
#...#.#..##
.....#.....##.#


You could see Lodul, a hornet and 4 ogres.

Vanquished Creatures
  Erica (D:8)
  2 two-headed ogres (D:9)
  Pikel (D:5)
  Maurice (D:6)
  Joseph (D:8)
  Sigmund (D:6)
  A shadow (D:10)
  A wraith (D:10)
  A vampire (D:9)
  A wyvern (D:9)
  A steam dragon (D:7)
  3 vampire mosquitoes
  An acid dragon (D:9)
  Edmund (D:6)
  Duvessa (D:6)
  A water moccasin (D:6)
  2 orc warriors
  4 ice beasts
  2 black bears
  3 sky beasts
  4 ogres
  4 centaurs
  4 phantoms
  7 kobold brigands
  4 lemures
  3 gnoll sergeants
  5 bullfrogs
  A scorpion (D:5)
  13 wights
  Dowan (D:6)
  4 killer bees (D:8)
  A howler monkey (D:8)
  2 jellies
  4 bombardier beetles
  2 hounds
  An orc priest (D:4)
  Jessica (D:3)
  4 iguanas
  2 orc wizards
  12 gnolls
  4 adders
  A shadow imp (D:6)
  2 white imps
  2 ufetubi (D:6)
  2 dart slugs
  3 ribbon worms
  13 orcs
  5 bats
  10 endoplasms
  4 giant cockroaches
  A goblin (D:4)
  5 hobgoblins
  8 jackals
  16 kobolds
  3 quokkas
  6 ball pythons
  3 frilled lizards
  8 rats
205 creatures vanquished.

Vanquished Creatures (others)
  A sky beast (D:7)
1 creature vanquished.

Grand Total: 206 creatures vanquished

Notes
Turn   | Place    | Note
-------+----------+-------------------------------------------
     0 | D:1      | gohu the Mountain Dwarf Fighter began the quest for the
                  | Orb.
     0 | D:1      | Reached XP level 1. HP: 19/19 MP: 1/1
   426 | D:1      | Reached XP level 2. HP: 26/26 MP: 2/2
   685 | D:2      | Reached skill level 3 in Axes
  1006 | D:2      | Identified the +5 hand axe of the Jester {freeze, rN++}
  1074 | D:2      | Reached XP level 3. HP: 31/31 MP: 3/3
  1399 | D:2      | Found a faded altar of an unknown god.
  1460 | D:3      | Noticed Jessica
  1481 | D:3      | Killed Jessica
  1482 | D:3      | Reached skill level 4 in Axes
  1554 | D:3      | Reached XP level 4. HP: 39/39 MP: 4/4
  1615 | D:3      | Found a shadowy altar of Dithmenos.
  1882 | D:3      | Reached skill level 5 in Axes
  2552 | D:3      | Found a basalt altar of Yredelemnul.
  2553 | D:3      | Found an ornate altar of the Wu Jian Council.
  2670 | D:3      | Found a runed translucent door.
  2673 | D:3      | Noticed Crazy Yiuf
  2764 | D:4      | Found a stormy altar of Qazlal.
  2768 | D:4      | Noticed a phantom
  2775 | D:4      | Killed a phantom
  2776 | D:4      | Reached skill level 6 in Axes
  2776 | D:4      | Reached XP level 5. HP: 33/46 MP: 5/5
  2869 | D:4      | Noticed an ice beast
  2880 | D:4      | Killed an ice beast
  2881 | D:4      | Reached XP level 6. HP: 15/52 MP: 6/6
  2943 | D:4      | Reached skill level 7 in Axes
  3050 | D:4      | Found a radiant altar of Vehumet.
  3091 | D:4      | Found a shimmering blue altar of Sif Muna.
  3176 | D:4      | Found a glowing drain.
  3181 | Sewer    | Entered a sewer
  3410 | Sewer    | Reached XP level 7. HP: 39/59 MP: 7/7
  3538 | Sewer    | Reached skill level 8 in Axes
  3909 | D:4      | Found Toeboge's Self-Published Books.
  3951 | D:4      | Noticed Pikel
  4506 | D:4      | Became a worshipper of Qazlal Stormbringer
  4606 | D:5      | Entered Level 5 of the Dungeon
  4660 | D:5      | Reached skill level 5 in Armour
  4818 | D:5      | Reached skill level 9 in Axes
  5355 | D:5      | Killed Pikel
  5356 | D:5      | Reached skill level 10 in Axes
  5356 | D:5      | Reached XP level 8. HP: 65/67 MP: 8/8
  5527 | D:6      | Noticed Edmund
  5539 | D:6      | Killed Edmund
  5686 | D:6      | Reached skill level 11 in Axes
  5771 | D:6      | Reached skill level 5 in Fighting
  5870 | D:6      | Reached XP level 9. HP: 55/74 MP: 9/9
  6290 | D:6      | Reached * piety under Qazlal
  6466 | D:6      | Noticed Duvessa
  6466 | D:6      | Noticed Dowan
  6470 | D:6      | Killed Duvessa
  6470 | D:6      | Killed Dowan
  6471 | D:6      | Reached skill level 12 in Axes
  6690 | D:6      | Noticed Sigmund
  6694 | D:6      | Killed Sigmund
  6695 | D:6      | Reached skill level 1 in Throwing
  6695 | D:6      | Reached skill level 1 in Evocations
  6809 | D:7      | Noticed Maurice
  6906 | D:6      | Maurice stole 8 javelins
  6907 | D:6      | Killed Maurice
  6908 | D:6      | Reached skill level 5 in Shields
  7052 | D:7      | Reached skill level 13 in Axes
  7158 | D:7      | Reached XP level 10. HP: 75/83 MP: 10/10
  7266 | D:7      | Found a staircase to the Ecumenical Temple.
  7272 | Temple   | Entered the Ecumenical Temple
  7391 | D:7      | Noticed Menkaure
  7569 | D:8      | Noticed Erica
  7592 | D:8      | Killed Erica
  8127 | D:8      | Noticed Joseph
  8140 | D:8      | Killed Joseph
  8212 | D:8      | Reached skill level 14 in Axes
  8410 | D:8      | Reached ** piety under Qazlal
  9169 | D:9      | Noticed a two-headed ogre
  9182 | D:9      | Killed a two-headed ogre
  9293 | D:9      | Reached skill level 15 in Axes
  9430 | D:9      | Noticed a two-headed ogre
  9438 | D:9      | Killed a two-headed ogre
  9459 | D:9      | Reached XP level 11. HP: 67/91 MP: 11/11
 10257 | D:7      | Got the Quarto of the Assembled Quarry
 10384 | D:7      | Found a snail-covered altar of Cheibriados.
 10544 | D:10     | Entered Level 10 of the Dungeon
 10544 | D:10     | Noticed a two-headed ogre
 10544 | D:10     | Noticed a two-headed ogre
 10724 | D:10     | Noticed Lodul
 10734 | D:10     | Demolished by an ogre

Illustrated notes

Levels and vault maps discovered:
D:1:      minmay_arrival_doors, layout_rooms
D:2:      layout_loops_ring, shapermc_ecumenical_altar_hornbeckon,
          serial_co_window_serial, co_window_paths_b, co_window_paths_a,
          co_window_paths_a, co_window_corner_a, co_window_corner_a,
          co_window_corner_a, co_window_of_opportunity_a, co_window_2corner,
          co_window_of_opportunity_b, co_window_corner_cb
D:3:      kennysheep_six_static_rooms, layout_basic,
          nicolae_dithmenos_shadow_blocks, nicolae_overflow_hidden_temple,
          uniq_crazy_yiuf_cottage, uniq_jessica
D:4:      layout_basic, lemuel_round_altar, kennysheep_orc_sif_temple,
          mainiacjoe_overflow_cross_hatched, portal_sewer_entry_e,
          nicolae_custom_books, minmay_manual_mullet, uniq_pikel
D:5:      layout_loops_ring, corexii_leaking_fountain, serial_bayou_lagoon_a
D:6:      layout_basic, minmay_fountain_box, minmay_bent, uniq_edmund,
          uniq_duvessa, uniq_sigmund
D:7:      layout_basic, slow_altar_2, minmay_temple_entry_enclosed_plants,
          uniq_maurice, uniq_menkaure
D:8:      layout_loops_corners, minivault_23, uniq_erica, uniq_joseph
D:9:      layout_gridville
D:10:     layout_cave_pools, corexii_hall_statues_deadend, uniq_lodul
Temple:   minmay_freezing_vapour_temple

Skill      XL: |  1  2  3  4  5  6  7  8  9 10 11 |
---------------+----------------------------------+-----
Axes           | 3 4 6 7 10 11 13 15 | 15.8
Armour         | 4 6 8 9 |  9.7
Fighting       | 4 5 6 7 |  7.2
Shields        | 4 5 |  5.7
Throwing       | 1 |  1.0
Evocations     | 1 2 |  2.5

Action                     |  1- 3 |  4- 6 |  7- 9 | 10-12 || total
---------------------------+-------+-------+-------+-------++-------
  Melee: War axe           |    61 |       |    31 |   214 ||   306
         Hand axe          |    27 |   145 |   186 |       ||   358
  Throw: Javelin           |       |       |    10 |       ||    10
  Evoke: Wand              |       |       |     8 |    11 ||    19
    Use: Scroll            |       |    11 |     2 |     3 ||    16
         Potion            |       |     2 |       |     2 ||     4
 Armour: Scale mail        |    61 |    69 |   135 |   112 ||   377
  Dodge: Dodged            |    30 |    48 |    69 |    65 ||   212
  Block: Buckler           |     9 |    16 |    38 |    70 ||   133
         Reflection        |       |       |       |     2 ||     2

Table legend: (Time is in decaauts)
 A = Elapsed time spent in this place.
 B = Non-inter-level travel time spent in this place.
 C = Inter-level travel time spent in this place.
 D = Time resting spent in this place.
 E = Time spent auto-exploring this place.
 F = Levels seen in this place.
 G = Mean time per level.
                   A        B        C        D        E       F      G
               +--------+--------+--------+--------+--------+-----+--------+
         Total |  10685 |  10233 |    452 |    191 |   7877 |  12 |  890.4 |
       Dungeon |  10104 |   9652 |    452 |    191 |   7445 |  10 | 1010.4 |
        Temple |      1 |      1 |      0 |      0 |      0 |   1 |    1.0 |
         Sewer |    579 |    579 |      0 |      0 |    432 |   1 |  579.0 |
               +--------+--------+--------+--------+--------+-----+--------+

Top non-repeatable levels by time:
     D:3: 1561 daAuts
     D:8: 1553 daAuts
     D:6: 1484 daAuts
     D:9: 1183 daAuts
     D:4: 1035 daAuts
     D:2: 917 daAuts
     D:7: 874 daAuts
     D:5: 849 daAuts
   Sewer: 579 daAuts
     D:1: 539 daAuts
    D:10: 105 daAuts
  Temple: 1 daAuts
